 Dungeon Crawl Stone Soup version 0.26-a0-642-g67e99244d3 (webtiles) character file.

Game seed: 10413478950038444430

109 DogServant the Conjurer (level 4, 0/24 HPs)
             Began as a Gargoyle Conjurer on Sept 21, 2020.
             Killed from afar by Natasha (8 damage)
             ... with a magic dart
             ... on level 2 of the Dungeon.
             The game lasted 00:03:47 (2511 turns).

DogServant the Conjurer (Gargoyle Conjurer)         Turns: 2511, Time: 00:03:48

Health: 0/24       AC:  6    Str: 11    XL:     4   Next: 89%
Magic:  0/8        EV: 12    Int: 19    God:
Gold:   133        SH:  0    Dex:  8    Spells: 3/9 levels left

rFire    . . .     SeeInvis .   e - +0 whip
rCold    . . .     Faith    .   (no shield)
rNeg     + . .     Spirit   .   a - +0 robe
rPois    ∞         Reflect  .   (no helmet)
rElec    +         Harm     .   (no cloak)
rCorr    .         Rampage  .   (no gloves)
MR       .....                  g - +0 pair of boots
Stlth    +.........             (no amulet)
HPRegen  0.08/turn              c - ring of attention (curse)
MPRegen  0.11/turn              (no ring)

@: very slightly contaminated
A: negative energy resistance 1, electricity resistance, unbreathing,
petrification resistance, rot immunity, AC +3
a: no special abilities


You were on level 2 of the Dungeon.
You visited 1 branch of the dungeon, and saw 2 of its levels.

You collected 133 gold pieces.

Inventory:

Hand Weapons
 e - a +0 whip (weapon)
Armour
 a - a +0 robe (worn)
 g - a +0 pair of boots (worn)
Jewellery
 c - a cursed ring of attention (left hand)
 h - an uncursed ring of poison resistance {unknown}
Scrolls
 f - a scroll of noise
Potions
 b - a potion of brilliance
 d - a potion of resistance {unknown}
 i - a potion of haste {unknown}


   Skills:
 + Level 0.8 Fighting
 - Level 1.7 Dodging
 - Level 2.1 Stealth
 + Level 3.1 Spellcasting
 + Level 5.6 Conjurations
 + Level 0.4 Hexes


You had 3 spell levels left.
You knew the following spells:

 Your Spells              Type           Power        Failure   Level
a - Magic Dart            Conj           ###.         1%          1
b - Searing Ray           Conj           ###...       2%          2
c - Dazzling Flash        Conj/Hex       ##....       13%         3

Your spell library contained the following spells:

 Spells                   Type           Power        Failure   Level
 Fulminant Prism          Conj/Hex       ##........   38%         4
 Iskenderun's Mystic Bla  Conj/Tloc      ##......     43%         4


Dungeon Overview and Level Annotations

Branches:
Dungeon (2/15)

Altars:
Okawaru

Annotations:
D:2 Natasha


Innate Abilities, Weirdness & Mutations

You are resistant to torment.
Your stone body is resilient. (AC +3)
You are immune to poison.
You resist negative energy. (rN+)
You are resistant to electric shocks. (rElec)
You can survive without breathing.
You are immune to petrification.
You are immune to rotting.


Message History

Casting: Magic Dart (safe; 1% risk of failure)
Confirm with . or Enter, or press ? or * to list all spells.
Aiming: Magic Dart (safe; 1% risk of failure)
Press: ? - help, Shift-Dir - straight line, f - Natasha
Aim: Natasha (wandering, hasn't noticed you)
The magic dart hits Natasha but does no damage.
Natasha hisses angrily.
Casting: Magic Dart (safe; 1% risk of failure)
Confirm with . or Enter, or press ? or * to list all spells.
Aiming: Searing Ray (safe; 2% risk of failure)
Press: ? - help, Shift-Dir - straight line, f/p - Natasha
Aim: Natasha You miscast Searing Ray.
You are very lightly contaminated with residual magic.
Nothing appears to happen.
Natasha claws you!
You miss Natasha. Natasha casts a spell at you. The magic dart hits you!
You die...

.# #........# #.......[..#
.####........# #..........#
.............# #......[...####
.............####............#
.............'........†......#
...÷.........#####.<.........#
........#........#..#...######
........#........#.†#†..#
........#...†...@##.#...#
........#........h......#####
.................#...#......#
.................#...######.#
.##.##.....##.##.........##.#####
##.#.##†#.##.#.##.#..##.###..[..#
...#...###...#..#.#..##.# #.###.#
##.#.##.#.##.#.##.......# #.# #.#
.##.##..)..##.##..##.##########.#


You could see Natasha.

Vanquished Creatures
  Terence (D:1)
  4 adders
  A dart slug (D:1)
  A leopard gecko (D:2)
  A ball python (D:1)
  2 giant cockroaches
  7 goblins
  7 hobgoblins
  6 kobolds
  A quokka (D:2)
  2 bats (D:2)
  5 frilled lizards
  7 rats
45 creatures vanquished.

Notes
Turn   | Place    | Note
-------+----------+-------------------------------------------
     0 | D:1      | DogServant the Gargoyle Conjurer began the quest for the
                  | Orb.
     0 | D:1      | Reached XP level 1. HP: 10/10 MP: 3/3
   292 | D:1      | Reached XP level 2. HP: 15/15 MP: 3/5
   636 | D:1      | Reached skill level 5 in Conjurations
  1199 | D:2      | Noticed Natasha
  1202 | D:2      | Reached XP level 3. HP: 17/19 MP: 1/6
  1564 | D:2      | Learned a level 2 spell: Searing Ray
  1568 | D:2      | Learned a level 3 spell: Dazzling Flash
  1793 | D:2      | Noticed Terence
  1875 | D:1      | Killed Terence
  1875 | D:1      | Reached XP level 4. HP: 8/24 MP: 0/8
  2207 | D:2      | Found an iron altar of Okawaru.
  2511 | D:2      | Killed from afar by Natasha

Illustrated notes

Levels and vault maps discovered:
D:1:      tarquinn_simple_flora_water_e, layout_basic, bh_walls_and_bars
D:2:      layout_basic, chequers_temple_overflow_minitemple,
          okawaru_ov_weapons_minmay, nrook_campfire, minmay_ruptured,
          uniq_terence, uniq_jessica, uniq_natasha

Skill      XL: |  1  2  3  4 |
---------------+-------------+-----
Conjurations   | 5 |  5.6
Spellcasting   | 3 |  3.1
Fighting       | |  0.8
Dodging        | |  1.7
Stealth        | |  2.1
Hexes          | |  0.4

Action                   |  1- 3 |  4- 6 || total
-------------------------+-------+-------++-------
Melee: Unarmed           |    23 |       ||    23
       Whip              |     2 |    40 ||    42
 Cast: Magic Dart        |    52 |     6 ||    58
       Searing Ray       |     4 |     2 ||     6
  Use: Scroll            |     2 |       ||     2
Armor: Robe              |    19 |    23 ||    42
Dodge: Dodged            |    21 |    24 ||    45

Table legend: (Time is in decaauts)
 A = Elapsed time spent in this place.
 B = Non-inter-level travel time spent in this place.
 C = Inter-level travel time spent in this place.
 D = Time resting spent in this place.
 E = Time spent auto-exploring this place.
 F = Levels seen in this place.
 G = Mean time per level.
                   A        B        C        D        E       F      G
               +--------+--------+--------+--------+--------+-----+--------+
         Total |   2517 |   2403 |    114 |    698 |   1345 |   2 | 1258.5 |
       Dungeon |   2517 |   2403 |    114 |    698 |   1345 |   2 | 1258.5 |
               +--------+--------+--------+--------+--------+-----+--------+

Top non-repeatable levels by time:
     D:1: 1800 daAuts
     D:2: 717 daAuts
